 Dungeon Crawl Stone Soup version 0.19-a0-1532-g228a5d9 (webtiles) character file.

155 Charly the Digger (level 5, -1/28 HPs)
             Began as a Gargoyle Earth Elementalist on Sept 13, 2016.
             Was an Initiate of Sif Muna.
             Slain by Pikel
             ... wielding a +2 whip of freezing
              (4 damage)
             ... on level 4 of the Dungeon.
             The game lasted 00:19:33 (1003 turns).

Charly the Digger (Gargoyle Earth Elementalist)     Turns: 1003, Time: 00:19:33

Health: -1/28      AC:  6    Str: 11    XL:     5   Next: 37%
Magic:  0/10       EV: 12    Int: 17    God:    Sif Muna [......]
Gold:   40         SH:  0    Dex: 10    Spells: 3 memorised, 5 levels left

rFire  . . .     SeeInvis .     b - 4 stones
rCold  . . .     Gourm    .     c - +0 robe
rNeg   + + .     Faith    .     (no shield)
rPois  ∞         Spirit   .     (no helmet)
rElec  +         Dismiss  .     (no cloak)
rCorr  .         Reflect  .     (no gloves)
MR     .....     Harm     .     (no boots)
Stlth  ++........               (no amulet)
                                (no ring)
                                l - ring of positive energy

@: no status effects
A: negative energy resistance 1, electricity resistance, unbreathing,
petrification resistance, rot immunity, AC +4
a: Renounce Religion


You were on level 4 of the Dungeon.
You worshipped Sif Muna.
Sif Muna was noncommittal.
You were not hungry.

You visited 2 branches of the dungeon, and saw 5 of its levels.

You collected 40 gold pieces.

Inventory:

Hand Weapons
 a - a +0 mace of draining
Missiles
 b - 4 stones (in hand)
 h - a javelin (quivered)
Armour
 c - a +0 robe (worn)
Jewellery
 l - a ring of positive energy (left hand)
Scrolls
 g - a scroll of immolation {unknown}
 i - a scroll of noise {unknown}
 m - a scroll of fog {unknown}
 o - a scroll of remove curse {unknown}
 p - a scroll of identify {unknown}
 q - a scroll of enchant weapon {unknown}
Potions
 f - a potion of curing {unknown}
 k - a potion of heal wounds {unknown}
 n - a potion of flight {unknown}
 r - a potion of might {unknown}
Books
 e - a book of Geomancy

   Spells                             Type                      Level
   a - Sandblast                      Earth                        1
   b - Passwall                       Transmutation/Earth          2
   c - Stone Arrow                    Conjuration/Earth            3
   d - Petrify                        Transmutation/Earth          4
   e - Lee's Rapid Deconstruction     Earth                        5
Comestibles
 d - 2 bread rations
 j - a meat ration


   Skills:
 - Level 1.5 Dodging
 - Level 2.1 Stealth
 + Level 3.5 Spellcasting
 - Level 0.7 Transmutations
 * Level 5.8 Earth Magic


You had 5 spell levels left.
You knew the following spells:

 Your Spells              Type           Power        Failure   Level  Hunger
a - Stone Arrow           Conj/Erth      ##....       17%         3    ###....
b - Sandblast             Erth           ###...       1%          1    None
p - Passwall              Tmut/Erth      ##........   10%         2    ##.....


Dungeon Overview and Level Annotations

Branches:
Dungeon (4/15)             Temple (1/1) D:4

Altars:
Ashenzari
Dithmenos
Fedhas
Gozag
Kikubaaqudgha
Makhleb
Nemelex Xobeh
Okawaru
Qazlal
Ru
Sif Muna
Trog
Uskayaw
Vehumet

Annotations:
D:3 Sigmund
D:4 Pikel


Innate Abilities, Weirdness & Mutations

You are resistant to torment.
Your stone body is resilient. (AC +4)
You are immune to poison.
You resist negative energy. (rN+)
You are resistant to electric shocks. (rElec)
You can survive without breathing.
You are immune to petrification.
You are immune to rotting.


Message History

Pikel freezes you.
* * * LOW HITPOINT WARNING * * *
Pikel says, "Slavery isn't that bad."
Casting: Sandblast
Confirm with . or Enter, or press ? or * to list all spells.
Aiming: Sandblast
Press: ? - help, Shift-Dir - straight line, f/p - Pikel
Aim: Pikel, wielding a whip of freezing and wearing a robe (almost dead)
The rocky blast hits Pikel.
Pikel is almost dead.
Pikel closely misses you.
Casting: Sandblast
Confirm with . or Enter, or press ? or * to list all spells.
Aiming: Sandblast
Press: ? - help, Shift-Dir - straight line, f/p - Pikel
Aim: Pikel, wielding a whip of freezing and wearing a robe (almost dead)
The rocky blast hits Pikel.
Pikel is almost dead.
Pikel hits you with a whip of freezing.
You die...

## ##.## ##...## ##############
#..... ..#.......(..#
##...#######.#.#.....(..####
.......ppp.p.#..@######(...######
...#.#.#####.##K## #.##)......
##........##.#...#### #.##.......
....p...o....p.......##.###......
.#o###.#.#..###.###..##.# #######
.#.# #..###.# #.# #..##.# ##..
.#.# #.## #.# #+###..##.######...
.#p# ##. #.. _###..........#.#
.#p# # ..## ###............#


You could see Pikel and a slave.

Vanquished Creatures
  An ogre (D:4)
  An orc priest (D:3)
  An adder (D:4)
  An ooze (D:2)
  A worm (D:4)
  A dart slug (D:2)
  3 giant geckos
  2 orcs
  A ball python (D:3)
  3 giant cockroaches
  2 goblins
  A hobgoblin (D:3)
  2 quokkas (D:4)
  A bat (D:3)
  2 giant newts (D:4)
  2 kobolds (D:3)
  A rat (D:1)
26 creatures vanquished.

Notes
Turn   | Place    | Note
-------+----------+-------------------------------------------
     0 | D:1      | Charly the Gargoyle Earth Elementalist began the quest for the Orb.
     0 | D:1      | Reached XP level 1. HP: 10/10 MP: 3/3
   104 | D:2      | Reached skill level 4 in Earth Magic
   104 | D:2      | Reached XP level 2. HP: 10/15 MP: 0/5
   449 | D:3      | Reached XP level 3. HP: 19/19 MP: 1/6
   468 | D:3      | Learned a level 3 spell: Stone Arrow
   473 | D:3      | Reached skill level 5 in Earth Magic
   474 | D:3      | Noticed Sigmund
   559 | D:4      | Found a shattered altar of Ashenzari.
   563 | D:4      | Learned a level 2 spell: Passwall
   581 | D:4      | Reached XP level 4. HP: 21/24 MP: 5/8
   606 | D:3      | Found a blossoming altar of Fedhas.
   623 | D:4      | Found a staircase to the Ecumenical Temple.
   637 | Temple   | Entered the Ecumenical Temple
   655 | D:4      | Found a hide-covered altar of Uskayaw.
   885 | D:4      | Noticed an ogre
   899 | D:4      | Found a deep blue altar of Sif Muna.
   902 | D:4      | Became a worshipper of Sif Muna the Loreminder
   919 | D:4      | Killed an ogre
   919 | D:4      | Reached XP level 5. HP: 28/28 MP: 3/10
   962 | D:4      | Noticed a slave
   964 | D:4      | Noticed Pikel
   965 | D:4      | Noticed a slave
   965 | D:4      | Noticed a slave
  1003 | D:4      | Slain by Pikel

Vault maps used:
D:1:      erik_arrival_orb_chamber
D:2:      lemuel_crystal_altar
D:3:      lemuel_zombie_altar_yredelemnul, lemuel_coloured_pillars_altar,
          first_bread, uniq_sigmund
D:4:      lemuel_blue_sif_altar, lemuel_doored_altar,
          ashenzari_conservatory_becter, uniq_pikel
Temple:   eino_temple_lava

Skill      XL: |  1  2  3  4 |
---------------+-------------+-----
Earth Magic    | 4 5 |  5.8
Spellcasting   | 3 |  3.5
Dodging        | |  1.5
Stealth        | |  2.1
Transmutations | |  0.7

Action                   |  1- 3 |  4- 6 || total
-------------------------+-------+-------++-------
Melee: Unarmed           |    47 |       ||    47
       Mace              |     5 |     6 ||    11
Throw: Javelin           |     2 |     3 ||     5
 Cast: Sandblast         |    33 |    21 ||    54
       Passwall          |     1 |     3 ||     4
       Stone Arrow       |       |     1 ||     1
  Eat: Chunk             |       |     1 ||     1
Armor: Robe              |    16 |     6 ||    22
Dodge: Dodged            |    48 |     9 ||    57
